 Dungeon Crawl Stone Soup version 0.21-a0-444-g29a2fec (webtiles) character file.

6451 theanonym the Carver (level 10, -4/55 HPs)
             Began as a Vine Stalker Fighter on Nov 17, 2017.
             Was a Believer of Wu Jian.
             Slain by a hornet (10 damage)
             ... on level 9 of the Dungeon.
             The game lasted 00:24:17 (9177 turns).

theanonym the Carver (Vine Stalker Fighter)         Turns: 9177, Time: 00:24:18

Health: -4/55      AC: 12    Str: 19    XL:     10   Next: 99%
Magic:  0/11       EV:  4    Int:  8    God:    Wu Jian [**....]
Gold:   552        SH:  9    Dex: 17    Spells: 9/9 levels left

rFire    . . .     SeeInvis .   a - +0 long sword
rCold    + . .     Gourm    +   c - +0 shield
rNeg     . . .     Faith    .   g - +0 chain mail
rPois    .         Spirit   +   (no helmet)
rElec    .         Reflect  .   n - +0 cloak
rCorr    .         Harm     .   (no gloves)
MR       +....                  (no boots)
Stlth    ..........             I - amulet of the gourmand {Gourm}
HPRegen  0.58/turn              H - ring of protection from cold {rC+}
MPRegen  0.12/turn              l - +3 ring of protection

@: lethally poisoned (-4 -> -5), slowed, drained, very slow
A: fangs 3, regeneration 1, magic shield, antimagic bite, no potion heal 3, rot
immunity
a: Renounce Religion


Innate Abilities, Weirdness & Mutations

You have razor-sharp teeth.
Your natural rate of healing is unusually fast.
When hurt, damage is shared between your health and your magic reserves.
Your bite disrupts and absorbs the magic of your enemies.
Potions cannot restore your health.
You are immune to rotting.


   Skills:
 + Level 7.0(6.0) Fighting
 * Level 13.1(11.9) Long Blades
 - Level 2.4(1.5) Armour
 - Level 2.6(1.7) Shields


You had 9 spell levels left.
You didn't know any spells.

Skill      XL: |  1  2  3  4  5  6  7  8  9 10 |
---------------+-------------------------------+-----
Long Blades    | 2 3 4 5 6 8 10 11 13 | 13.1
Fighting       | 5 7 |  7.0
Armour         | |  2.4
Shields        | |  2.6

Action                   |  1- 3 |  4- 6 |  7- 9 | 10-12 || total
-------------------------+-------+-------+-------+-------++-------
Melee: Long sword        |   106 |   132 |   380 |   367 ||   985
       Bite              |    21 |    36 |   136 |   100 ||   293
Throw: Tomahawk          |       |       |     1 |       ||     1
  Use: Scroll            |       |     5 |     4 |     3 ||    12
       Potion            |       |       |     2 |     9 ||    11
 Stab: Sleeping          |       |       |     2 |       ||     2
  Eat: Chunk             |     2 |     6 |    12 |    17 ||    37
       Fruit             |       |       |     3 |     2 ||     5
Armor: Scale mail        |    42 |    23 |       |       ||    65
       Leather armour    |       |    39 |    93 |       ||   132
       Chain mail        |       |       |    42 |   184 ||   226
Dodge: Dodged            |    29 |    45 |    96 |    56 ||   226
Block: Shield            |    52 |    60 |   139 |   179 ||   430
       Rpst.: Long sword |    11 |    13 |    24 |    13 ||    61

Inventory:

Hand Weapons
 a - a +0 long sword (weapon)
Missiles
 d - 5 tomahawks (quivered)
Armour
 b - a +0 scale mail
 c - a +0 shield (worn)
 g - a +0 chain mail (worn)
   (You took it off an orc warrior on level 6 of the Dungeon)
 n - a +0 cloak (worn)
   (You found it on level 1 of the Dungeon)
 D - the +2 leather armour of the Game of Life {rC+ rCorr}
   (You found it on level 5 of the Dungeon)

   It protects you from cold.
   It protects you from acid and corrosion.
Magical Staves
 M - an uncursed staff of power {unknown}
   (You found it on level 9 of the Dungeon)
Jewellery
 l - a +3 ring of protection (right hand)
   (You found it on level 1 of the Dungeon)
 v - an uncursed ring of positive energy {rN+}
   (You found it on level 2 of the Dungeon)
 G - an uncursed ring of positive energy {rN+}
   (You found it on level 7 of the Dungeon)
 H - a ring of protection from cold (left hand) {rC+}
   (You found it on level 7 of the Dungeon)
 I - an amulet of the gourmand (around neck) {Gourm}
   (You found it on level 7 of the Dungeon)
Wands
 k - a wand of iceblast (12/15)
   (You took it off Maurice on level 9 of the Dungeon)
 L - a wand of polymorph (8/24)
   (You found it on level 9 of the Dungeon)
Scrolls
 i - 2 scrolls of magic mapping {!r}
 j - 3 scrolls of immolation
 m - 7 scrolls of remove curse {unknown}
 p - 2 scrolls of amnesia
 r - a scroll of vulnerability {unknown}
 t - 3 scrolls of teleportation {!r}
 x - 3 scrolls of enchant weapon {unknown}
 y - a scroll of noise {unknown}
 B - a scroll of recharging {unknown}
 F - 4 scrolls of random uselessness {unknown}
 J - a scroll of fear {unknown}
 K - 3 scrolls of enchant armour {unknown}
Potions
 e - 2 potions of flight
 o - 2 potions of magic
 q - 3 potions of heal wounds
 z - a potion of berserk rage {unknown}
 A - 3 potions of invisibility
 E - 3 potions of curing
Books
 s - a book of Minor Magic
   (You found it on level 8 of the Dungeon)

   Spells                             Type                      Level
   a - Magic Dart                     Conjuration                  1
   b - Blink                          Translocation                2
   c - Call Imp                       Summoning                    2
   d - Slow                           Hexes                        2
   e - Conjure Flame                  Conjuration/Fire             3
   f - Mephitic Cloud                 Conjuration/Poison/Air       3
 C - Hairuhuhu's Disquisition on the Glacier and Calling
   (You found it on level 5 of the Dungeon)

   Spells                             Type                      Level
   a - Ensorcelled Hibernation        Hexes/Ice                    2
   b - Call Imp                       Summoning                    2
   c - Summon Guardian Golem          Hexes/Summoning              3
   d - Recall                         Summoning/Translocation      3
   e - Ozocubu's Refrigeration        Ice                          6
Comestibles
 f - 10 bread rations
 h - 13 fruits
 u - 6 meat rations
 w - 8 royal jellies

Dungeon Overview and Level Annotations

Branches:
Dungeon (10/15)            Temple (1/1) D:6
   Lair: D:8-11         Orc: D:9-12

Altars:
Ashenzari
Cheibriados
Dithmenos
Elyvilon
Fedhas
Gozag
Hepliaklqana
Kikubaaqudgha
Makhleb
Nemelex Xobeh
Okawaru
Qazlal
Ru
Sif Muna
Trog
Uskayaw
Vehumet
Wu Jian
Xom
Yredelemnul
Zin
The Shining One

Shops:
D:4 =   D:7 (

Annotations:
D:4 2 transporters


You were on level 9 of the Dungeon.
You worshipped Wu Jian.
Wu Jian was pleased with you.
You were very full.

You visited 2 branches of the dungeon, and saw 11 of its levels.
You also visited: Sewer.

You collected 552 gold pieces.


Message History

You slash the centaur warrior zombie!
The wight hits you from afar with an enchanted halberd!
You feel drained.
The centaur warrior zombie barely misses you.
You take 15 damage, and have 36/55 hp.
MASSIVE DAMAGE!!
You now have 7/11 mp.
You attack the wight from above.
Your chain mail prevents you from hitting the wight.
You attack the centaur warrior zombie from above.
You hit the centaur warrior zombie but do no damage.
Your bite misses the centaur warrior zombie.
You attack the wight from above.
You slash the wight! You bite the wight. You drain its power.
You feel invigorated. The wight is distracted by your jump.
The centaur warrior zombie hits you. You block the wight's attack.
You take 3 damage, and have 33/55 hp.
You spin and attack the wight.
You hit the wight but do no damage. You bite the wight. You drain its power.
You feel invigorated.
The wight hits you from afar with an enchanted halberd!
* * * LOW HITPOINT WARNING * * *
You feel drained.
You take 6 damage, and have 27/55 hp.
The centaur warrior zombie hits you but does no damage.
MP restored: 11 The killer bee buzzes angrily. x3
Really read
t - 4 scrolls of teleportation {!r}?
As you read the scroll of teleportation {!r}, it crumbles to dust.
You feel strangely unstable.
The killer bee buzzes angrily.
The killer bee stings you but does no damage.
The killer bee stings you but does no damage. x2
Your surroundings suddenly seem different.
Found an arbalest, 12 gold pieces and 18 sling bullets.
Found an escape hatch in the ceiling.
There is an escape hatch in the ceiling here.
You start resting.
A hornet comes into view.
You regained 3 hp, and now have 41/55 hp.
The hornet buzzes angrily.
The hornet stings you but does no damage.
You block the hornet's attack. A mysterious force pulls you upwards.
The hatch slams shut behind you.
You spin and attack the hornet.
You hit the hornet. You block the hornet's attack.
You spin and attack the hornet.
You miss the hornet. You bite the hornet, but do no damage.
The hornet stings you.
You are poisoned.
You feel yourself slow down. The hornet stings you.
You feel as though you will be slow longer.
You take 5 damage, and have 41/55 hp.
You now have 9/11 mp.
You spin and attack the hornet.
You hit the hornet. Your bite misses the hornet.
You feel sick. The hornet stings you.
You suddenly lose the ability to move!
The hornet stings you!
You feel as though you will be slow longer.
You feel sick.
The hornet stings you but does no damage. x2
The hornet stings you but does no damage.
You can move again.
You take 12 damage, and have 29/55 hp.
MASSIVE DAMAGE!!
You now have 7/11 mp.
Unknown command.
Unknown command.
Unknown command.
Unknown command.
Unknown command.
Unknown command.
Unknown command.
Unknown command.
Unknown command.
Unknown command.
Unknown command.
Unknown command.
Unknown command.
Unknown command.
Unknown command.
Unknown command.
Unknown command.
You feel sick. You block the hornet's attack.
You feel sick. The hornet stings you.
You shrug off the repeated paralysis!
The hornet stings you.
* * * LOW HITPOINT WARNING * * *
You feel as though you will be slow longer.
You take 4 damage, and have 25/55 hp.
You now have 6/11 mp.
The hornet stings you.
* * * LOW HITPOINT WARNING * * *
You feel as though you will be slow longer.
There is a shaft here.
You take 3 damage, and have 22/55 hp.
You now have 5/11 mp.
You feel sick. The hornet stings you!
* * * LOW MAGIC WARNING * * *;
* * * LOW HITPOINT WARNING * * *
You feel as though you will be slow longer.
You take 6 damage, and have 16/55 hp.
You now have 3/11 mp.
The hornet stings you!
* * * LOW MAGIC WARNING * * *;
* * * LOW HITPOINT WARNING * * *
You are more poisoned.
You feel as though you will be slow longer.
You block the hornet's attack.
You take 8 damage, and have 8/55 hp.
You now have 2/11 mp.
You attack the hornet from above.
You miss the hornet. You bite the hornet, but do no damage.
You feel sick. The hornet stings you!
* * * LOW MAGIC WARNING * * *
You die...

######## #####......##
##.§≈..≈≈.≈..####
#.^^#..≈###^....#
#≈#.#≈...#..###.#
###≈(.#≈.^##§.....#
######...≈≈....§@y.##..#
.....'......._.§§§.....#
.#####..^^^.....^..###.#
#### .# #...###...≈##≈#
#.# #... .#
#...#^≈(..#^#≈# #.# #.##
.# #..§.#...§##§§# #.#
#.# .# #..........^.##
#.# #.#
.########.....#.#.# #.#
#.# .##..........##.#.#
#.#######.#


You could see a hornet.

Notes
Turn   | Place    | Note
-------+----------+-------------------------------------------
     0 | D:1      | theanonym the Vine Stalker Fighter began the quest for the Orb.
     0 | D:1      | Reached XP level 1. HP: 11/11 MP: 2/2
     8 | D:1      | Reached skill level 2 in Long Blades
    95 | D:1      | Reached XP level 2. HP: 16/16 MP: 3/3
   452 | D:1      | Reached skill level 3 in Long Blades
   598 | D:1      | Reached XP level 3. HP: 19/19 MP: 4/4
  1073 | D:2      | Found a faded altar of an unknown god.
  1075 | D:2      | theanonym: ??vs
  1075 | D:2      | beem: vine stalker[1/2]: Parasitic vines. Player race with a powerful bite that leeches mana and applies antimagic, gets regen I at XL 4 and II at XL 12, spirit shield, +1 MP. -3 HP, can't restore HP with potions (Gods and regeneration in general work).
  1075 | D:2      | theanonym: ??vs[2
  1075 | D:2      | beem: vine stalker[2/2]: MP restored by bite is random2(damage*2)+1 with an additional multiplier between 1.25 (at 0 mp) and 0 (full mp). Chance of bite triggering is (str+dex)/49.
  1345 | D:2      | Gained mutation: Your natural rate of healing is unusually fast. [Vine Stalker growth]
  1345 | D:2      | Reached XP level 4. HP: 19/23 MP: 3/5
  1841 | D:3      | Reached skill level 4 in Long Blades
  2126 | D:3      | Reached XP level 5. HP: 27/27 MP: 6/6
  2433 | D:4      | Noticed an ogre
  2438 | D:4      | HP: 6/27 [ogre/giant club (13)]
  2440 | D:4      | Killed an ogre
  2440 | D:4      | Reached skill level 5 in Long Blades
  2579 | D:4      | Found a transporter.
  2669 | D:4      | Reached XP level 6. HP: 27/32 MP: 7/7
  2800 | D:4      | Found Ilu Xur's Jewellery Shop.
  2878 | D:4      | Found a transporter.
  2978 | D:5      | Entered Level 5 of the Dungeon
  2983 | D:5      | Reached skill level 6 in Long Blades
  2995 | D:5      | Identified Hairuhuhu's Disquisition on the Glacier and Calling
  3003 | D:5      | Got a distressingly furry leather armour
  3014 | D:5      | Identified the +2 leather armour of the Game of Life {rC+ rCorr} (You found it on level 5 of the Dungeon)
  3058 | D:5      | HP: 14/32 [orc/war axe (7)]
  3066 | D:5      | HP: 14/32 [orc/war axe (2)]
  3287 | D:5      | Reached XP level 7. HP: 34/35 MP: 8/8
  3453 | D:5      | Found a glowing drain.
  3465 | Sewer    | Entered a sewer
  3536 | Sewer    | Reached skill level 7 in Long Blades
  3555 | Sewer    | Found a white marble altar of Elyvilon.
  3978 | D:5      | Reached skill level 8 in Long Blades
  4061 | D:5      | HP: 17/35 [worm (4)]
  4066 | D:5      | HP: 11/35 [worm (3)]
  4151 | D:6      | Gained mutation: You have razor-sharp teeth. [Vine Stalker growth]
  4151 | D:6      | Reached XP level 8. HP: 36/39 MP: 9/9
  4483 | D:6      | Reached skill level 9 in Long Blades
  4511 | D:6      | Found a staircase to the Ecumenical Temple.
  4518 | Temple   | Entered the Ecumenical Temple
  4723 | Temple   | Became a worshipper of the Wu Jian Council
  4769 | D:6      | HP: 19/39 [orc warrior/dire flail of protection (11)]
  4771 | D:6      | HP: 7/39 [orc/war axe of electrocution (13)]
  4772 | D:6      | HP: 3/39 [orc/war axe of electrocution (5)]
  4777 | D:6      | HP: 3/39 [poisoned by an adder]
  4785 | D:6      | HP: 6/39 [poisoned by an adder]
  4934 | D:6      | Reached skill level 10 in Long Blades
  5676 | D:7      | Reached XP level 9. HP: 42/43 MP: 10/10
  5750 | D:7      | Found a runed door.
  5805 | D:7      | Noticed a deep elf mage
  5816 | D:7      | Killed a deep elf mage
  5816 | D:7      | Reached skill level 3 in Fighting
  5980 | D:7      | Reached skill level 4 in Fighting
  6042 | D:7      | Reached skill level 11 in Long Blades
  6352 | D:7      | Found Asir Fugi's Antique Weapon Emporium.
  6477 | D:7      | HP: 23/46 [hog (6)]
  6479 | D:7      | Reached * piety under Wu Jian
  6486 | D:7      | HP: 20/46 [human/hand axe (4)]
  6491 | D:7      | HP: 13/46 [yak (8)]
  6496 | D:7      | HP: 12/46 [yak (2)]
  6497 | D:7      | Reached skill level 5 in Fighting
  6663 | D:7      | Noticed Crazy Yiuf
  6669 | D:7      | Killed Crazy Yiuf
  6669 | D:7      | Reached XP level 10. HP: 51/51 MP: 11/11
  6832 | D:8      | HP: 22/51 [orc warrior/mace (6)]
  6837 | D:8      | HP: 16/51 [orc warrior/mace (1)]
  6847 | D:8      | HP: 16/51 [orc priest/nerve-wracking pain (2)]
  7011 | D:8      | Reached skill level 12 in Long Blades
  7211 | D:8      | Found a sparkling altar of Nemelex Xobeh.
  7280 | D:8      | Found a shattered altar of Ashenzari.
  7436 | D:9      | HP: 25/53 [yak (3)]
  7440 | D:9      | Reached skill level 6 in Fighting
  7442 | D:9      | HP: 22/53 [yak (5)]
  7460 | D:9      | HP: 21/53 [yak (9)]
  7919 | D:9      | HP: 26/53 [poisoned by a killer bee]
  7924 | D:9      | HP: 16/53 [killer bee (1)]
  7929 | D:9      | HP: 12/53 [killer bee (5)]
  7934 | D:9      | HP: 9/53 [poisoned by a killer bee]
  8147 | D:9      | Found a stormy altar of Qazlal.
  8149 | D:9      | Noticed Maurice
  8325 | D:9      | HP: 26/53 [poisoned by a killer bee]
  8328 | D:9      | Reached ** piety under Wu Jian
  8330 | D:9      | HP: 13/53 [killer bee (3)]
  8335 | D:9      | HP: 11/53 [poisoned by a killer bee]
  8523 | D:9      | Found a burning altar of Makhleb.
  8716 | D:10     | Entered Level 10 of the Dungeon
  8752 | D:9      | Killed Maurice
  8752 | D:9      | Reached skill level 13 in Long Blades
  8862 | D:9      | HP: 26/53 [poisoned by a killer bee]
  8867 | D:9      | HP: 23/53 [poisoned by a killer bee]
  8872 | D:9      | HP: 21/53 [poisoned by a killer bee]
  8878 | D:9      | HP: 20/53 [poisoned by a killer bee]
  8885 | D:9      | HP: 21/53 [poisoned by a killer bee]
  8892 | D:9      | HP: 23/53 [poisoned by a killer bee]
  8900 | D:9      | HP: 26/53 [poisoned by a killer bee]
  9013 | D:10     | HP: 22/53 [orc warrior/halberd (6)]
  9018 | D:10     | HP: 22/53 [poisoned by an adder]
  9024 | D:10     | HP: 23/53 [poisoned by an adder]
  9029 | D:10     | HP: 25/53 [poisoned by an adder]
  9037 | D:10     | HP: 26/53 [poisoned by an adder]
  9104 | D:10     | Reached skill level 7 in Fighting
  9135 | D:10     | HP: 27/55 [wight/enchanted halberd (7)]
  9169 | D:9      | Paralysed by a hornet for 3 turns
  9173 | D:9      | HP: 25/55 [hornet (4)]
  9176 | D:9      | HP: 8/55 [hornet (9)]
  9177 | D:9      | Slain by a hornet

Vanquished Creatures
  A deep elf mage (D:7)
  Maurice (D:9)
  A hippogriff (D:9)
  6 yaks
  3 hogs (D:7)
  A human (D:7)
  2 hungry ghosts
  3 sky beasts
  An ice beast (D:6)
  A black bear (D:10)
  3 orc warriors
  3 ogres
  4 centaurs
  3 big kobolds
  5 bullfrogs
  A scorpion (D:9)
  14 killer bees (D:9)
  2 wights (D:9)
  4 crimson imps
  2 bullfrog zombies
  A quasit (D:5)
  3 hounds
  5 jellies
  2 orc priests
  Crazy Yiuf (D:7)
  6 orc wizards
  3 iguanas
  6 worker ants
  A worker ant zombie (D:7)
  A howler monkey skeleton (D:9)
  4 gnolls (D:9)
  10 adders
  3 river rats
  3 shadow imps
  2 oozes
  7 worms
  6 leopard geckos
  17 orcs
  A ball python (D:1)
  6 giant cockroaches
  9 goblins
  6 hobgoblins
  5 jackals
  2 quokkas
  7 bats
  6 frilled lizards
  18 kobolds
  A quokka skeleton (D:7)
  18 rats
221 creatures vanquished.
